TOP OF THE 1ST |
Wisconsin Rapids Timber Rattlers batting - Pitching for Waterloo Hawks : RHP Paul Voigt
|
Pitching: RHP Paul Voigt
|
|
Batting: RHB Tim Pyznarski
|
0-0: Called Strike 0-1: DOUBLE (Line Drive, 78M, EV 110.6 MPH)
|
Batting: RHB Jim Presley
|
0-0: Called Strike 0-1: Ball 1-1: Fly out, F9 (Flyball, 9D, EV 105.0 MPH) Runner from 2nd tags up, SAFE at 3rd, no throw by RF
|
Batting: LHB Dion James
|
0-0: Foul Ball, location: 2F 0-1: Fly out, F9 (Flyball, 9S, EV 80.6 MPH)
|
Batting: LHB Greg Smith
|
0-0: Ball 1-0: Ball 2-0: Called Strike 2-1: Foul Ball, location: 2F 2-2: Ball 3-2: Foul Ball, location: 2F 3-2: Base on Balls
|
Batting: RHB Barbaro Garbey
|
0-0: Ball 1-0: Ball 2-0: Ball 3-0: Called Strike 3-1: Fly out, F8 (Line Drive, 8RD, EV 99.4 MPH)
|
Top of the 1st over - 0 runs, 1 hit, 0 errors, 2 left on base; Wisconsin Rapids 0 - Waterloo 0 |
BOTTOM OF THE 1ST |
Waterloo Hawks batting - Pitching for Wisconsin Rapids Timber Rattlers : LHP Raul Morales
|
Pitching: LHP Raul Morales
|
|
Batting: RHB Edward Irvine
|
0-0: Ball 1-0: Ball 2-0: Called Strike 2-1: Ball 3-1: Base on Balls
|
Batting: RHB Mark Sheehy
|
0-0: Ball Edward Irvine steals 2nd base 1-0: Called Strike 1-1: DOUBLE (Line Drive, 5D, EV 99.4 MPH) Edward Irvine scores
|
Batting: RHB Tony Evans
|
0-0: Ball 1-0: Ball 2-0: Called Strike 2-1: Swinging Strike 2-2: Foul Ball, location: 2F 2-2: Strikes out swinging
|
Batting: RHB Carmelo Aguayo
|
0-0: Called Strike 0-1: Ball 1-1: Ball 2-1: Ground out 6-3 (Groundball, 6, EV 85.6 MPH) Mark Sheehy to third
|
Batting: RHB Jay Loviglio
|
0-0: Ground out 6-3 (Groundball, 6M, EV 90.0 MPH)
|
Bottom of the 1st over - 1 run, 1 hit, 0 errors, 1 left on base; Wisconsin Rapids 0 - Waterloo 1 |
TOP OF THE 2ND |
Wisconsin Rapids Timber Rattlers batting - Pitching for Waterloo Hawks : RHP Paul Voigt
|
Batting: LHB Matt Hall
|
0-0: SINGLE (Groundball, 56D, EV 108.1 MPH)
|
Batting: RHB Darryl Motley
|
0-0: Ball 1-0: Ball 2-0: Called Strike 2-1: Swinging Strike 2-2: Strikes out swinging
|
Batting: RHB Al Pedrique
|
0-0: Called Strike 0-1: Ball 1-1: Foul Ball, location: 2F 1-2: Strikes out swinging
|
Batting: RHB Phil Lombardi
|
0-0: Ball 1-0: Called Strike 1-1: Called Strike 1-2: Foul Ball, location: 2F 1-2: Ball 2-2: Reached on error, E6 (Groundball, 6, EV 87.5 MPH) Matt Hall to second
|
Batting: RHB Tim Pyznarski
|
0-0: Ball 1-0: Ball 2-0: Ball 3-0: Base on Balls Matt Hall to third Phil Lombardi to second
|
Batting: RHB Jim Presley
|
0-0: Called Strike 0-1: Ball 1-1: Ground out 5-3 (Groundball, 56, EV 85.6 MPH)
|
Top of the 2nd over - 0 runs, 1 hit, 1 error, 3 left on base; Wisconsin Rapids 0 - Waterloo 1 |
BOTTOM OF THE 2ND |
Waterloo Hawks batting - Pitching for Wisconsin Rapids Timber Rattlers : LHP Raul Morales
|
Batting: RHB Michael Williams
|
0-0: Ball 1-0: Ball 2-0: Swinging Strike 2-1: Ball 3-1: Swinging Strike 3-2: Base on Balls
|
Batting: RHB Kean Rich
|
0-0: Ball 1-0: Swinging Strike 1-1: Grounds into double play, 4-6-3 (Groundball, 4, EV 98.1 MPH)
|
Batting: RHB Paul Stockley
|
0-0: Ball 1-0: Swinging Strike 1-1: Swinging Strike 1-2: Foul Ball, location: 2F 1-2: Foul Ball, location: 2F 1-2: Ball 2-2: Strikes out swinging
|
Bottom of the 2nd over - 0 runs, 0 hits, 0 errors, 0 left on base; Wisconsin Rapids 0 - Waterloo 1 |
TOP OF THE 3RD |
Wisconsin Rapids Timber Rattlers batting - Pitching for Waterloo Hawks : RHP Paul Voigt
|
Batting: LHB Dion James
|
0-0: Ball 1-0: Ball 2-0: Called Strike 2-1: Fly out, F8 (Flyball, 8RD, EV 78.8 MPH)
|
Batting: LHB Greg Smith
|
0-0: Fly out, F7 (Line Drive, 7, EV 95.0 MPH)
|
Batting: RHB Barbaro Garbey
|
0-0: Called Strike 0-1: Ground out 3-1 (Groundball, 23, EV 85.0 MPH)
|
Top of the 3rd over - 0 runs, 0 hits, 0 errors, 0 left on base; Wisconsin Rapids 0 - Waterloo 1 |
BOTTOM OF THE 3RD |
Waterloo Hawks batting - Pitching for Wisconsin Rapids Timber Rattlers : LHP Raul Morales
|
Batting: RHB David Cusack
|
0-0: Ball 1-0: Ball 2-0: Called Strike 2-1: Fly out, F9 (Flyball, 89D, EV 103.1 MPH)
|
Batting: RHB Edward Irvine
|
0-0: Ball 1-0: Ground out 1-3 (Groundball, 34S, EV 62.5 MPH)
|
Batting: RHB Mark Sheehy
|
0-0: Ball 1-0: Ball 2-0: Foul Ball, location: 2F 2-1: Foul Ball, location: 2F 2-2: Ball 3-2: Ground out 5-3 (Groundball, 56, EV 88.1 MPH)
|
Bottom of the 3rd over - 0 runs, 0 hits, 0 errors, 0 left on base; Wisconsin Rapids 0 - Waterloo 1 |
TOP OF THE 4TH |
Wisconsin Rapids Timber Rattlers batting - Pitching for Waterloo Hawks : RHP Paul Voigt
|
Batting: LHB Matt Hall
|
0-0: Ball 1-0: Called Strike 1-1: Ball 2-1: Swinging Strike 2-2: Ball 3-2: Foul Ball, location: 2F 3-2: Foul Ball, location: 2F 3-2: SINGLE (Line Drive, 9S, EV 87.5 MPH)
|
Batting: RHB Darryl Motley
|
0-0: Called Strike 0-1: Foul Ball, location: 2F 0-2: Fly out, F7 (Line Drive, 7, EV 96.9 MPH)
|
Batting: RHB Al Pedrique
|
0-0: Ball 1-0: Foul Ball, location: 2F 1-1: Ball 2-1: Ball 3-1: Base on Balls Matt Hall to second
|
Batting: RHB Phil Lombardi
|
0-0: Called Strike Matt Hall steals 3rd base Al Pedrique to second 0-1: Foul Ball, location: 2F 0-2: Ball 1-2: Ball 2-2: Ball 3-2: Base on Balls
|
Batting: RHB Tim Pyznarski
|
0-0: SINGLE (Groundball, 13, EV 80.6 MPH) (infield hit) Matt Hall scores Al Pedrique to third Phil Lombardi to second
|
Batting: RHB Jim Presley
|
0-0: Called Strike 0-1: Ball 1-1: Grounds into double play, 6-4-3 (Groundball, 6, EV 110.0 MPH)
|
Top of the 4th over - 1 run, 2 hits, 0 errors, 2 left on base; Wisconsin Rapids 1 - Waterloo 1 |
BOTTOM OF THE 4TH |
Waterloo Hawks batting - Pitching for Wisconsin Rapids Timber Rattlers : LHP Raul Morales
|
Batting: RHB Tony Evans
|
0-0: Swinging Strike 0-1: Foul Ball, location: 2F 0-2: Ball 1-2: Ball 2-2: SINGLE (Groundball, 34D, EV 95.0 MPH)
|
Batting: RHB Carmelo Aguayo
|
0-0: Ball 1-0: Ball 2-0: Foul Ball, location: 2F 2-1: Grounds into double play, 6-4-3 (Groundball, 56D, EV 81.9 MPH)
|
Batting: RHB Jay Loviglio
|
0-0: Ball 1-0: SINGLE (Groundball, 56D, EV 99.4 MPH)
|
Batting: RHB Michael Williams
|
0-0: Ball 1-0: Foul Ball, location: 2F 1-1: Ball 2-1: DOUBLE (Line Drive, 5D, EV 96.9 MPH) Jay Loviglio to third
|
Batting: RHB Kean Rich
|
0-0: Ball 1-0: Ball 2-0: Ball 3-0: Base on Balls
|
Batting: RHB Paul Stockley
|
0-0: Ball 1-0: Ball 2-0: Ball 3-0: Called Strike 3-1: Base on Balls Jay Loviglio scores Michael Williams to third Kean Rich to second
|
Batting: RHB David Cusack
|
0-0: Called Strike 0-1: Swinging Strike 0-2: Strikes out swinging
|
Bottom of the 4th over - 1 run, 3 hits, 0 errors, 3 left on base; Wisconsin Rapids 1 - Waterloo 2 |
TOP OF THE 5TH |
Wisconsin Rapids Timber Rattlers batting - Pitching for Waterloo Hawks : RHP Paul Voigt
|
Batting: LHB Dion James
|
0-0: Fly out, F4 (Popup, 4M, EV 66.3 MPH)
|
Batting: LHB Greg Smith
|
0-0: Ball 1-0: Foul Ball, location: 2F 1-1: Ball 2-1: Fly out, F9 (Line Drive, 9, EV 92.5 MPH)
|
Batting: RHB Barbaro Garbey
|
0-0: Called Strike 0-1: DOUBLE (Line Drive, 7LS, EV 90.6 MPH)
|
Batting: LHB Matt Hall
|
0-0: SINGLE (Groundball, 6S, EV 68.8 MPH) (infield hit) Barbaro Garbey to third
|
Batting: RHB Darryl Motley
|
0-0: Ground out 4-3 (Groundball, 34, EV 87.5 MPH)
|
Top of the 5th over - 0 runs, 2 hits, 0 errors, 2 left on base; Wisconsin Rapids 1 - Waterloo 2 |
BOTTOM OF THE 5TH |
Waterloo Hawks batting - Pitching for Wisconsin Rapids Timber Rattlers : LHP Raul Morales
|
Batting: RHB Edward Irvine
|
0-0: Ball 1-0: Ball 2-0: Ball 3-0: Base on Balls
|
Batting: RHB Mark Sheehy
|
0-0: Called Strike 0-1: Called Strike 0-2: Fly out, F9 (Line Drive, 9, EV 82.5 MPH)
|
Batting: RHB Tony Evans
|
0-0: Foul Ball, location: 2F 0-1: Ball 1-1: Ball 2-1: Swinging Strike 2-2: Grounds into double play, 5-4-3 (Groundball, 56, EV 100.0 MPH)
|
Bottom of the 5th over - 0 runs, 0 hits, 0 errors, 0 left on base; Wisconsin Rapids 1 - Waterloo 2 |
TOP OF THE 6TH |
Wisconsin Rapids Timber Rattlers batting - Pitching for Waterloo Hawks : RHP Paul Voigt
|
Batting: RHB Al Pedrique
|
0-0: Ball 1-0: Called Strike 1-1: Foul Ball, location: 2F 1-2: Strikes out swinging
|
Batting: RHB Phil Lombardi
|
0-0: Ball 1-0: Ball 2-0: Foul Ball, location: 2F 2-1: SOLO HOME RUN (Flyball, 7D, EV 109.4 MPH), Distance : 384 ft
|
Batting: RHB Tim Pyznarski
|
0-0: Ball 1-0: Ball 2-0: Foul Ball, location: 2F 2-1: SINGLE (Line Drive, 34D, EV 96.9 MPH)
|
Batting: RHB Jim Presley
|
0-0: Fly out, F8 (Line Drive, 8RM, EV 95.6 MPH)
|
Batting: LHB Dion James
|
0-0: Ball 1-0: Called Strike Tim Pyznarski steals 2nd base 1-1: Ball 2-1: Foul Ball, location: 2F 2-2: Foul Ball, location: 2F 2-2: Foul Ball, location: 2F 2-2: Ball 3-2: SINGLE (Groundball, 6MD, EV 99.4 MPH) Tim Pyznarski to third Tim Pyznarski scores
|
Batting: LHB Greg Smith
|
0-0: Ground out 4-3 (Groundball, 4, EV 105.0 MPH)
|
Top of the 6th over - 2 runs, 3 hits, 0 errors, 1 left on base; Wisconsin Rapids 3 - Waterloo 2 |
BOTTOM OF THE 6TH |
Waterloo Hawks batting - Pitching for Wisconsin Rapids Timber Rattlers : LHP Raul Morales
|
Batting: RHB Carmelo Aguayo
|
0-0: Ground out 1-3 (Groundball, 13S, EV 70.6 MPH)
|
Batting: RHB Jay Loviglio
|
0-0: Ball 1-0: Ground out 5-3 (Groundball, 56, EV 108.8 MPH)
|
Batting: RHB Michael Williams
|
0-0: Swinging Strike 0-1: Ball 1-1: Ball 2-1: Ball 3-1: Base on Balls
|
Batting: RHB Kean Rich
|
0-0: Ball 1-0: Called Strike 1-1: Ball 2-1: Ball 3-1: Base on Balls Michael Williams to second
|
Batting: RHB Paul Stockley
|
0-0: Foul Ball, location: 2F 0-1: Ball 1-1: Fly out, F7 (Flyball, 7LM, EV 87.5 MPH)
|
Bottom of the 6th over - 0 runs, 0 hits, 0 errors, 2 left on base; Wisconsin Rapids 3 - Waterloo 2 |
TOP OF THE 7TH |
Wisconsin Rapids Timber Rattlers batting - Pitching for Waterloo Hawks : RHP Paul Voigt
|
Batting: RHB Barbaro Garbey
|
0-0: Foul Ball, location: 2F 0-1: Ball 1-1: Reached on error, E9 (Flyball, 9LM, EV 98.1 MPH)
|
Batting: LHB Matt Hall
|
0-0: Bunt - Flyout to 15 - DP at third! 1-3
|
Batting: RHB Darryl Motley
|
0-0: Ball 1-0: Ball 2-0: SINGLE (Flyball, 8LS, EV 91.3 MPH)
|
Batting: RHB Al Pedrique
|
0-0: Ball Darryl Motley steals 2nd base (no throw) 1-0: Swinging Strike 1-1: Foul Ball, location: 2F 1-2: Ground out 6-3 (Groundball, 6, EV 100.6 MPH)
|
Top of the 7th over - 0 runs, 1 hit, 1 error, 1 left on base; Wisconsin Rapids 3 - Waterloo 2 |
BOTTOM OF THE 7TH |
Waterloo Hawks batting - Pitching for Wisconsin Rapids Timber Rattlers : LHP Raul Morales
|
Pitching: RHP Steve Korczyk
|
|
Batting: RHB David Cusack
|
0-0: Fly out, F8 (Flyball, 8RM, EV 86.3 MPH)
|
Batting: RHB Edward Irvine
|
0-0: Ball 1-0: Reached on error, E4 (Popup, 4M, EV 55.6 MPH)
|
Batting: RHB Mark Sheehy
|
0-0: Foul Ball, location: 2F 0-1: Ball 1-1: Fly out, F9 (Flyball, 9S, EV 96.9 MPH)
|
Batting: RHB Tony Evans
|
0-0: Called Strike 0-1: Ball 1-1: Foul Ball, location: 2F 1-2: Fly out, F8 (Flyball, 8LD, EV 84.4 MPH)
|
Bottom of the 7th over - 0 runs, 0 hits, 1 error, 1 left on base; Wisconsin Rapids 3 - Waterloo 2 |
TOP OF THE 8TH |
Wisconsin Rapids Timber Rattlers batting - Pitching for Waterloo Hawks : RHP Paul Voigt
|
Batting: RHB Phil Lombardi
|
0-0: Ball 1-0: Ball 2-0: Foul Ball, location: 2F 2-1: Fly out, F4 (Popup, 4S, EV 76.9 MPH)
|
Batting: RHB Tim Pyznarski
|
0-0: Ball 1-0: Foul Ball, location: 2F 1-1: SINGLE (Line Drive, 9S, EV 91.3 MPH)
|
Batting: RHB Jim Presley
|
0-0: Called Strike 0-1: Ball 1-1: Swinging Strike 1-2: Foul Ball, location: 2F 1-2: Foul Ball, location: 2F 1-2: Fly out, F8 (Flyball, 8LXD, EV 101.9 MPH) Runner from 1st tags up, SAFE at 2nd
|
Batting: LHB Dion James
|
0-0: Called Strike 0-1: Foul Ball, location: 2F 0-2: SINGLE (Line Drive, 8RS, EV 95.0 MPH) Tim Pyznarski to third Runner from 3rd tries for Home, SAFE, throw by CF to home
|
Batting: LHB Greg Smith
|
0-0: Swinging Strike 0-1: Swinging Strike 0-2: Ball 1-2: SINGLE (Flyball, 78S, EV 91.9 MPH) Dion James to second
|
Batting: RHB Barbaro Garbey
|
0-0: Fielders Choice at 2nd, 6-4 (Groundball, 6, EV 86.9 MPH)
|
Top of the 8th over - 1 run, 3 hits, 0 errors, 2 left on base; Wisconsin Rapids 4 - Waterloo 2 |
BOTTOM OF THE 8TH |
Waterloo Hawks batting - Pitching for Wisconsin Rapids Timber Rattlers : RHP Steve Korczyk
|
Batting: RHB Carmelo Aguayo
|
0-0: Ball 1-0: Foul Ball, location: 2F 1-1: SINGLE (Groundball, 56D, EV 111.3 MPH)
|
Batting: RHB Jay Loviglio
|
0-0: Ball 1-0: Called Strike 1-1: Ground out 6-3 (Groundball, 6S, EV 69.4 MPH) Carmelo Aguayo to second
|
Batting: RHB Michael Williams
|
0-0: Called Strike 0-1: Ball 1-1: Called Strike 1-2: Ball 2-2: Foul Ball, location: 2F 2-2: Fly out, F8 (Flyball, 8RM, EV 78.8 MPH)
|
Batting: RHB Kean Rich
|
0-0: Called Strike 0-1: Swinging Strike 0-2: Strikes out swinging
|
Bottom of the 8th over - 0 runs, 1 hit, 0 errors, 1 left on base; Wisconsin Rapids 4 - Waterloo 2 |
TOP OF THE 9TH |
Wisconsin Rapids Timber Rattlers batting - Pitching for Waterloo Hawks : RHP Paul Voigt
|
Batting: LHB Matt Hall
|
0-0: Ball 1-0: Called Strike 1-1: Ball 2-1: Fly out, F7 (Line Drive, 7, EV 96.9 MPH)
|
Batting: RHB Darryl Motley
|
0-0: Called Strike 0-1: Ball 1-1: Fly out, F4 (Popup, 34, EV 70.0 MPH)
|
Batting: RHB Al Pedrique
|
0-0: Ball 1-0: Ball 2-0: SINGLE (Popup, 4D, EV 72.5 MPH)
|
Batting: RHB Phil Lombardi
|
0-0: Ball 1-0: Ball 2-0: Ball 3-0: Base on Balls Al Pedrique to second
|
Batting: RHB Tim Pyznarski
|
0-0: Foul Ball, location: 2F 0-1: Swinging Strike 0-2: Strikes out looking
|
Top of the 9th over - 0 runs, 1 hit, 0 errors, 2 left on base; Wisconsin Rapids 4 - Waterloo 2 |
BOTTOM OF THE 9TH |
Waterloo Hawks batting - Pitching for Wisconsin Rapids Timber Rattlers : RHP Steve Korczyk
|
Pitching: LHP Scott Bailes
|
|
Batting: RHB Paul Stockley
|
0-0: Fly out, F7 (Flyball, 78D, EV 98.8 MPH)
|
Batting: RHB David Cusack
|
0-0: Ball 1-0: Foul Ball, location: 2F 1-1: Ground out 6-3 (Groundball, 6, EV 78.1 MPH)
|
Batting: RHB Edward Irvine
|
0-0: Ball 1-0: Called Strike 1-1: Ball 2-1: Called Strike 2-2: Foul Ball, location: 2F 2-2: Ball 3-2: Strikes out swinging
|
Bottom of the 9th over - 0 runs, 0 hits, 0 errors, 0 left on base; Wisconsin Rapids 4 - Waterloo 2 |
|